 Dungeon Sprint DCSS version 0.16-a0-3855-gd2600ac (webtiles) character file.

4069 BluebellGnoll the Prestidigitator (level 10, -10/44 HPs)
             Began as a Spriggan Enchanter on Jan 31, 2015.
             Was the Champion of Elyvilon.
             Mangled by Jemass the pandemonium lord (44 damage)
             ... in the Dungeon (Sprint V: "Ziggurat Sprint").
             The game lasted 00:20:56 (1126 turns).

BluebellGnoll the Prestidigitator (SpEn)            Turns: 1126, Time: 00:20:56

Health: -10/44     AC:  6    Str:  4    XL:     10   Next: 5%
Magic:  22/41      EV: 30    Int: 19    God:    Elyvilon [******]
Gold:   0          SH:  8    Dex: 18    Spells: 8 memorised, 10 levels left

rFire  + . .     SeeInvis +     N - +5 quick blade
rCold  . . .     Clarity  .     b - +1 robe
rNeg   . . .     SustAb   .     M - +3 buckler
rPois  +         Gourm    .     (helmet restricted)
rElec  +         Spirit   .     U - +2 cloak {rPois}
rCorr  .         Warding  .     (gloves unavailable)
rMut   .         NoTele   +     (boots unavailable)
MR     +....                    (no amulet)
Stlth  +++.......               T - ring of magical power
                                a - ring "Qinas" {Wiz rElec rF+ SInv}

@: very slightly contaminated, hasted, studying Conjurations, repel missiles,
invisible, very quick, somewhat resistant to hostile enchantments, fairly
stealthy
A: unfitting armour, see invisible, herbivore 3, speed 3, slow metabolism 2
a: Lesser Healing, Lesser Self-Healing, Divine Protection, Purification, Greater
Healing, Greater Self-Healing, Divine Vigour, Renounce Religion


You were in the Dungeon.
You worshipped Elyvilon.
Elyvilon was exalted by your worship.
You were full.

You visited 1 branch

Inventory:

Hand weapons
 c - a +7 blowgun
 N - a +5 quick blade (weapon)
 O - a +5 rapier
Armour
 b - a +1 robe (worn)
 J - a +5 fire dragon armour
 K - a +5 gold dragon armour
 L - a +5 ice dragon armour
 M - a +3 buckler (worn)
 U - a +2 cloak of poison resistance (worn)
Magical staves
 o - an uncursed staff of energy
 P - an uncursed staff of power
Jewellery
 a - the ring "Qinas" (left hand) {Wiz rElec rF+ SInv}
   (You found it in the Dungeon)

   [ring of wizardry]

   It improves your spell success rate.
   It protects you from fire.
   It insulates you from electricity.
   It enhances your eyesight.
 q - a +6 ring of dexterity
 r - a +6 ring of intelligence
 s - a +6 ring of intelligence
 G - the ring of Mnuhaq {SustAb rF+ Int-3 Dex+7 SInv}
   (You found it in the Dungeon)

   [ring of sustain abilities]

   It sustains your strength, intelligence and dexterity.
   It affects your intelligence (-3).
   It affects your dexterity (+7).
   It protects you from fire.
   It enhances your eyesight.
 S - the ring "Shrueru" {rC+ EV+3 Int+2 Dex-2 Stlth+}
   (You found it in the Dungeon)

   [ring of evasion]

   It affects your evasion (+3).
   It affects your intelligence (+2).
   It affects your dexterity (-2).
   It protects you from cold.
   It makes you more stealthy.
 T - a ring of magical power (right hand)
Magical devices
 k - a wand of disintegration (7)
 l - a wand of fire (10)
 m - a wand of cold (4)
Scrolls
 j - 3 scrolls of blinking
 v - 4 scrolls of amnesia
 w - 2 scrolls of recharging
 x - 7 scrolls of fog
 y - 2 scrolls of holy word
 z - 5 scrolls of identify
 A - 5 scrolls of remove curse
 B - 2 scrolls of fear
Potions
 e - 10 potions of curing
 f - 10 potions of heal wounds
 g - 7 potions of haste
 h - 7 potions of magic
 i - 2 potions of berserk rage
 C - 2 potions of brilliance
 D - a potion of invisibility
 E - 2 potions of restore abilities
 F - 4 potions of resistance
 H - 5 potions of agility
 I - 5 potions of might
Books
 n - a book of Summonings

   Spells                             Type                      Level
   a - Abjuration                     Summoning                    3
   b - Recall                         Summoning/Translocation      3
   c - Shadow Creatures               Summoning                    5
   d - Summon Demon                   Summoning                    5
   e - Summon Forest                  Summoning/Translocation      5
   f - Monstrous Menagerie            Summoning                    6
 p - a manual of Conjurations
 W - the Incunabulum of Icy Boosts
   (You found it in the Dungeon)

   Spells                             Type                      Level
   a - Infusion                       Charms                       1
   b - Shroud of Golubria             Charms/Translocation         2
   c - Ensorcelled Hibernation        Hexes/Ice                    2
   d - Ozocubu's Armour               Charms/Ice                   3
   e - Iskenderun's Battlesphere      Conjuration/Charms           5
   f - Bolt of Cold                   Conjuration/Ice              6
 X - a book of Air

   Spells                             Type                      Level
   a - Shock                          Conjuration/Air              1
   b - Swiftness                      Charms/Air                   2
   c - Repel Missiles                 Charms/Air                   2
   d - Flight                         Charms/Air                   3
   e - Static Discharge               Conjuration/Air              3
   f - Lightning Bolt                 Conjuration/Air              5
Miscellaneous
 u - a lamp of fire (inert)
 Q - a lamp of fire (inert)
 R - a plain deck of summoning {drawn: 1}
 V - a plain deck of defence
Comestibles
 d - 4 bread rations
 t - 29 fruits


   Skills:
 - Level 7.5 Short Blades
 - Level 14.5 Dodging
 - Level 4.4 Stealth
 - Level 10.7 Spellcasting
 + Level 4.5 Conjurations
 - Level 11.9 Hexes
 - Level 10.3 Invocations
 - Level 14.6 Evocations


You had 10 spell levels left.
You knew the following spells:

 Your Spells              Type           Power        Failure   Level  Hunger
a - Corona                Hex            ######.      1%          1    None
b - Ensorcelled Hibernat  Hex/Ice        ####..       1%          2    None
c - Confuse               Hex            ######..     1%          3    None
d - Sure Blade            Hex/Chrm       ####......   1%          2    None
e - Dazzling Spray        Conj/Hex       #####...     1%          3    None
f - Enslavement           Hex            ######..     1%          4    ##.....
g - Mephitic Cloud        Conj/Pois/Air  ###.....     9%          3    None
r - Repel Missiles        Chrm/Air       ##....       9%          2    None


Dungeon Overview and Level Annotations

Branches:
Dungeon (1/1)

Altars:
Ashenzari
Cheibriados
Dithmenos
Elyvilon
Fedhas
Gozag
Kikubaaqudgha
Makhleb
Nemelex Xobeh
Okawaru
Qazlal
Ru
Sif Muna
Trog
Vehumet
Xom
Yredelemnul
Zin
The Shining One
Beogh
Jiyva
Lugonu


Innate Abilities, Weirdness & Mutations

You are tiny and cannot use many weapons and most armour.
You have supernaturally acute eyesight.
You are a herbivore.
You cover ground extremely quickly.
You need consume almost no food.


Message History

Confirm with . or Enter, or press ? or * to list all spells.
Aiming: Dazzling Spray
Press: ? - help, Shift-Dir - straight line, f - Iripnufe, p - hellwing
Aim: Iripnufe The spray of energy hits Iripnufe.
Iripnufe is lightly wounded.
The spray of energy hits Jemass.
Jemass is moderately wounded.
The spray of energy hits the phantasmal warrior.
The phantasmal warrior is moderately damaged.
Iripnufe sneers, "Crawl home before doom catcheth thee!"
Casting: Dazzling Spray
Confirm with . or Enter, or press ? or * to list all spells.
Aiming: Confuse
Press: ? - help, Shift-Dir - straight line, f/p - Iripnufe
Aim: Iripnufe (lightly wounded, chance 2%) Iripnufe resists with almost no effort.
You block Jemass' attack.
The phantasmal warrior blinks!
Jemass hits you!!!
Ouch! That really hurt!
You die...

▓.........▓.......▓
▓.........▓.......▓
▓.........▓...)...▓
▓.▓.....▓.▓.......▓
▓.........▓...(...▓
▓▓▓▓▓▓▓▓▓▓▓▓▓▓▓▓▓▓▓
▓4..8©8..
▓4.:)}:53.
▓@&W4})3..▓
▓5&..5.5.5▓
▓..31..§..▓
▓.§W.§§§..▓
▓....§§5..▓
▓.▓..§§5▓.▓
▓....§.§..▓
▓▓▓▓▓▓▓▓▓▓▓


You could see Iripnufe, Jemass, a Brimstone Fiend, an ice devil (wandering), a
phantasmal warrior, a smoke demon (wandering), a blue devil, a hungry ghost, a
ynoxinul, a quasit, 5 ufetubi, a neutral hellwing (wandering), a neutral rust
devil (wandering) and a neutral ufetubus (wandering).

Vanquished Creatures
  2 wolf spiders (D)
  A salamander (shapeshifter) (D)
  A merfolk (D)
  A hippogriff (D)
  2 deep elf fighters (D)
  A centaur (D)
  4 scorpions (D)
  A wight (D)
  A quasit (D)
  An orc priest (D)
  An orc wizard (D)
  A white imp (D)
  A giant mite (D)
  2 ufetubi (D)
  An adder skeleton (D)
  4 bat skeletons (D)
  A jackal zombie (D)
  A fungus (D)
27 creatures vanquished.

Vanquished Creatures (collateral kills)
  A deep elf summoner (D)
  A deep elf mage (D)
  A deep elf fighter (D)
3 creatures vanquished.

Vanquished Creatures (others)
  A merfolk (D)
  A bat zombie (D)
2 creatures vanquished.

Grand Total: 32 creatures vanquished

Notes
Turn   | Place    | Note
--------------------------------------------------------------
     0 | D        | BluebellGnoll, the Spriggan Enchanter, began the quest for the Orb.
     0 | D        | Reached XP level 1. HP: 9/9 MP: 4/4
     0 | D        | Found a viscous altar of Jiyva.
     0 | D        | Found a corrupted altar of Lugonu.
     0 | D        | Found a white marble altar of Elyvilon.
     2 | D        | Found a sparkling altar of Nemelex Xobeh.
     2 | D        | Found a burning altar of Makhleb.
     2 | D        | Found a deep blue altar of Sif Muna.
     3 | D        | Found a bloodstained altar of Trog.
     7 | D        | Found an iron altar of Okawaru.
    15 | D        | Found a radiant altar of Vehumet.
    17 | D        | Found a basalt altar of Yredelemnul.
    17 | D        | Found a shimmering altar of Xom.
    30 | D        | Became a worshipper of Elyvilon the Healer
    34 | D        | Acquired Elyvilon's first power
    34 | D        | Acquired Elyvilon's second power
    34 | D        | Acquired Elyvilon's third power
    76 | D        | Reached skill level 7 in Invocations
    76 | D        | Reached XP level 2. HP: 13/13 MP: 6/8
    80 | D        | Learned a level 2 spell: Ensorcelled Hibernation
    95 | D        | Entered arena 1.
    95 | D        | Noticed a quasit
   104 | D        | Killed a quasit
   104 | D        | Reached skill level 5 in Hexes
   104 | D        | Reached XP level 3. HP: 16/16 MP: 10/12
   111 | D        | Got the ring "Qinas" {Wiz rElec rF+ SInv}
   117 | D        | Learned a level 3 spell: Confuse
   121 | D        | Entered arena 2.
   121 | D        | Noticed an orc priest
   121 | D        | Noticed an orc wizard
   130 | D        | Killed an orc priest
   130 | D        | Reached skill level 5 in Spellcasting
   130 | D        | Reached XP level 4. HP: 20/21 MP: 0/17
   134 | D        | Killed an orc wizard
   141 | D        | Got the ring of Mnuhaq {SustAb rF+ Int-3 Dex+7 SInv}
   147 | D        | Learned a level 2 spell: Sure Blade
   151 | D        | Learned a level 3 spell: Dazzling Spray
   156 | D        | Learned a level 4 spell: Enslavement
   250 | D        | Entered arena 3.
   250 | D        | Noticed a deep elf summoner
   250 | D        | Noticed a deep elf mage
   250 | D        | Noticed a deep elf fighter
   252 | D        | Pacified a deep elf summoner
   252 | D        | Reached skill level 9 in Spellcasting
   252 | D        | Reached skill level 11 in Hexes
   252 | D        | Reached XP level 5. HP: 24/24 MP: 17/24
   252 | D        | Reached XP level 6. HP: 28/28 MP: 17/25
   253 | D        | Pacified a deep elf mage
   253 | D        | Reached skill level 10 in Spellcasting
   254 | D        | Pacified a deep elf fighter
   277 | D        | Got the ring "Shrueru" {rC+ EV+3 Int+2 Dex-2 Stlth+}
   288 | D        | Killed a deep elf fighter
   289 | D        | Killed a deep elf mage
   292 | D        | Killed a deep elf summoner
   340 | D        | Entered arena 4.
   340 | D        | Noticed a deep elf mage
   340 | D        | Noticed a deep elf fighter
   340 | D        | Noticed a deep elf fighter
   340 | D        | Noticed a deep elf mage
   342 | D        | Pacified a deep elf mage
   342 | D        | Reached XP level 7. HP: 32/32 MP: 28/28
   342 | D        | Acquired Elyvilon's fourth power
   343 | D        | Pacified a deep elf mage
   352 | D        | Killed a deep elf fighter
   357 | D        | Killed a deep elf fighter
   364 | D        | Identified the Compendium of Moulding (You found it in the Dungeon)
   413 | D        | Entered arena 5.
   413 | D        | Noticed a necrophage
   413 | D        | Noticed a wight
   422 | D        | Pacified a necrophage
   433 | D        | Killed a wight
   433 | D        | Reached skill level 10 in Invocations
   496 | D        | Entered arena 6.
   496 | D        | Noticed a two-headed ogre
   496 | D        | Noticed a white ugly thing
   496 | D        | Noticed a salamander
   496 | D        | Noticed a cyan ugly thing
   496 | D        | Noticed a brown ugly thing
   496 | D        | Noticed a wind drake
   497 | D        | Pacified a wind drake
   497 | D        | Reached XP level 8. HP: 36/36 MP: 29/29
   503 | D        | Pacified a cyan ugly thing
   504 | D        | Pacified a cyan ugly thing
   505 | D        | Pacified a two-headed ogre
   505 | D        | Reached skill level 12 in Evocations
   507 | D        | Pacified a purple ugly thing
   507 | D        | Reached skill level 13 in Evocations
   515 | D        | Noticed an elf
   515 | D        | a wind drake changed into an elf
   517 | D        | Killed a salamander
   517 | D        | Reached skill level 14 in Evocations
   517 | D        | Reached XP level 9. HP: 39/39 MP: 9/30
   525 | D        | Identified the Guide on Vitriolic Attacks (You found it in the Dungeon)
   532 | D        | Noticed a draconian
   532 | D        | an elf changed into a draconian
   534 | D        | a two-headed ogre changed into a golden eye
   559 | D        | a draconian changed into a jumping spider
   594 | D        | Noticed a spiny frog
   594 | D        | a jumping spider changed into a spiny frog
   612 | D        | Noticed a black mamba
   612 | D        | a spiny frog changed into a black mamba
   613 | D        | Entered arena 7.
   613 | D        | Noticed a centaur
   613 | D        | Noticed a hippogriff
   613 | D        | Noticed a merfolk
   613 | D        | Noticed a merfolk
   613 | D        | Noticed a hippogriff
   613 | D        | Noticed a merfolk
   616 | D        | Pacified a merfolk
   618 | D        | Pacified a hippogriff
   619 | D        | Pacified a merfolk
   619 | D        | Reached skill level 10 in Dodging
   619 | D        | Killed a merfolk
   650 | D        | Killed a merfolk
   663 | D        | Killed a centaur
   663 | D        | Reached skill level 5 in Short Blades
   667 | D        | Killed a hippogriff
   911 | D        | Entered arena 8.
   911 | D        | Noticed a wolf spider
   911 | D        | Noticed a scorpion
   911 | D        | Noticed a wolf spider
   911 | D        | Noticed a scorpion
   911 | D        | Noticed a scorpion
   911 | D        | Noticed a scorpion
   919 | D        | Killed a scorpion
   920 | D        | Killed a scorpion
   924 | D        | Killed a wolf spider
   932 | D        | Killed a scorpion
   934 | D        | Killed a scorpion
   951 | D        | Killed a wolf spider
  1032 | D        | Entered arena 9.
  1032 | D        | Noticed a hell hound
  1032 | D        | Noticed a crimson imp
  1032 | D        | Noticed a hell hound
  1033 | D        | Pacified a hell hound
  1035 | D        | Pacified a hell hound
  1040 | D        | Pacified a crimson imp
  1064 | D        | Learned a level 3 spell: Mephitic Cloud
  1069 | D        | Identified the Incunabulum of Icy Boosts (You found it in the Dungeon)
  1078 | D        | Learned a level 2 spell: Repel Missiles
  1117 | D        | Entered arena 10.
  1117 | D        | Noticed a rust devil
  1117 | D        | Noticed a hellwing
  1117 | D        | Noticed an ice devil
  1117 | D        | Noticed a quasit
  1117 | D        | Noticed Iripnufe the pandemonium lord
  1117 | D        | Noticed Jemass the pandemonium lord
  1119 | D        | Noticed a phantasmal warrior
  1122 | D        | Noticed a Brimstone Fiend
  1122 | D        | Noticed a smoke demon
  1123 | D        | Pacified a rust devil
  1123 | D        | Reached XP level 10. HP: 34/44 MP: 32/32
  1124 | D        | Pacified a hellwing
  1126 | D        | Mangled by Jemass the pandemonium lord

Action                   |  1- 3 |  4- 6 |  7- 9 | 10-12 || total
-------------------------+-------+-------+-------+-------++-------
Melee: Quick blade       |     1 |    16 |    89 |       ||   106
 Cast: Confuse           |     3 |       |    13 |     1 ||    17
       Sure Blade        |       |       |     2 |       ||     2
       Ensorcelled Hiber |       |       |     7 |       ||     7
       Dazzling Spray    |       |       |     2 |     1 ||     3
       Repel Missiles    |       |       |     1 |       ||     1
       Corona            |       |       |     1 |       ||     1
Invok: Lesser Healing    |     3 |       |    10 |       ||    13
       Greater Healing   |       |     4 |    27 |     2 ||    33
       Greater Self-Heal |       |       |     1 |       ||     1
Evoke: Wand              |     6 |       |       |       ||     6
       Deck              |       |     1 |       |       ||     1
       Lamp of fire (ine |       |       |     1 |       ||     1
  Use: Potion            |     2 |       |     2 |       ||     4
       Scroll            |       |     1 |     1 |       ||     2
 Stab: Confused          |       |       |    14 |       ||    14
       Sleeping          |       |       |     4 |       ||     4
       Invisible         |       |       |     1 |       ||     1
  Eat: Fruit             |     6 |     1 |     6 |       ||    13
       Bread ration      |       |       |     1 |       ||     1
